 Dungeon Crawl Stone Soup version 0.17.1-3-g152610e (webtiles) character file.

60 Chiseanne the Ruffian (level 3, 0/27 HPs)
             Began as a Demonspawn Wanderer on Mar 6, 2016.
             Slain by a worm (8 damage)
             ... on level 2 of the Dungeon.
             The game lasted 00:03:21 (950 turns).

Chiseanne the Ruffian (Demonspawn Wanderer)          Turns: 950, Time: 00:03:21

Health: 0/27       AC:  4    Str: 16    XL:     3   Next: 80%
Magic:  5/5        EV: 12    Int: 12    God:
Gold:   23         SH:  0    Dex: 10    Spells: 0 memorised, 4 levels left

rFire  + . .     SeeInvis .     a - +0 short sword
rCold  . . .     Clarity  .     d - +1 robe
rNeg   . . .     SustAt   .     (no shield)
rPois  .         Gourm    .     (no helmet)
rElec  .         Spirit   .     (no cloak)
rCorr  .         Warding  .     i - +0 pair of gloves
rMut   .         Stasis   .     (no boots)
MR     .....                    (no amulet)
Stlth  ++........               (no ring)
                                (no ring)

@: not resistant to hostile enchantments, unstealthy
A: fire resistance 1
a: no special abilities


You were on level 2 of the Dungeon.
You were not hungry.

You visited 1 branch of the dungeon, and saw 2 of its levels.

You collected 23 gold pieces.

Inventory:

Hand Weapons
 a - a +0 short sword (weapon)
Missiles
 g - 9 poisoned needles
 k - 26 bolts
Armour
 d - a +1 robe (worn)
 i - a +0 pair of gloves (worn)
Wands
 e - a wand of frost (0)
Potions
 c - a potion of lignification
Books
 b - a Young Poisoner's Handbook

   Spells                             Type                      Level
   a - Sting                          Conjuration/Poison           1
   b - Cure Poison                    Poison                       2
   c - Mephitic Cloud                 Conjuration/Poison/Air       3
   d - Olgreb's Toxic Radiance        Poison                       4
   e - Venom Bolt                     Conjuration/Poison           5
Comestibles
 f - 2 bread rations
 h - 2 chunks of flesh


   Skills:
 * Level 2.1 Fighting
 * Level 1.5 Dodging
 - Level 1.7 Stealth
   Level 1.7 Shields
 - Level 2.6 Unarmed Combat
 + Level 1.4 Spellcasting
   Level 1.7 Charms
   Level 1.0 Poison Magic


You had 4 spell levels left.
You didn't know any spells.

Dungeon Overview and Level Annotations

Branches:
Dungeon (2/15)

Altars:
Nemelex Xobeh


Innate Abilities, Weirdness & Mutations

Your flesh is heat resistant.


Message History

The goblin is moderately wounded.
The goblin barely misses you. The goblin misses you.
You hit the goblin.
The goblin is severely wounded.
The goblin closely misses you.
You closely miss the goblin.
The goblin is severely wounded.
The goblin hits you but does no damage. The goblin completely misses you.
You closely miss the goblin.
The goblin is severely wounded.
The goblin closely misses you.
You closely miss the goblin.
The goblin is severely wounded.
The goblin hits you with an uncursed club.
* * * LOW HITPOINT WARNING * * *
The goblin hits you but does no damage.
You hit the goblin.
You kill the goblin!
The worm bites you!
You die...

#.# ####.#### ##.## #.# #....#
#.# #.# ##.##.# #.# ## #.#
##⌠.⌠#'## #.# #. #.# #.._....##
##.## #. #.# #.⌠.⌠....## ##.#.##
##. ..# #.#.......####.#.#.## ..
..###..........##.#.###.########.
.....+.........'@w.#.#....wg.....
..####.........####.#.##########.
..# ##.......## ##..# #. .##
##.....## ##.# #. ## ##...## #.#
#. # ##+## #.# #g ####### #.# #.#
.. #.....####.### #.# .#
...##........# #.# .


You could see a worm.

Vanquished Creatures
  4 adders (D:2)
  An ooze (D:2)
  2 giant geckos (D:2)
  A giant cockroach (D:2)
  4 goblins (D:2)
  A hobgoblin (D:2)
  2 kobolds (D:2)
  A quokka (D:2)
  2 bats (D:2)
  2 rats
20 creatures vanquished.

Notes
Turn   | Place    | Note
--------------------------------------------------------------
     0 | D:1      | Chiseanne the Demonspawn Wanderer began the quest for the Orb.
     0 | D:1      | Chiseanne set off with: a Young Poisoner's Handbook, a +0 short sword, a potion of lignification, a +0 robe, a +0 dagger, a bread ration
     0 | D:1      | Reached XP level 1. HP: 13/13 MP: 1/1
    36 | D:2      | Reached skill level 1 in Fighting
    44 | D:2      | Gained mutation: Your flesh is heat resistant. [demonic ancestry]
    44 | D:2      | Reached XP level 2. HP: 11/21 MP: 1/3
   413 | D:2      | Reached skill level 1 in Dodging
   413 | D:2      | Reached skill level 1 in Spellcasting
   614 | D:2      | Reached XP level 3. HP: 25/27 MP: 4/4
   751 | D:2      | Found a sparkling altar of Nemelex Xobeh.
   950 | D:2      | Slain by a worm

Action                   || total
-------------------------++-------
Melee: Short sword       ||    67
Evoke: Wand              ||    19
  Use: Scroll            ||     3
 Stab: Sleeping          ||     2
